 Dungeon Crawl Stone Soup version 0.31-a0-844-gdc52ec4 (webtiles) character file.

Game seed: 5246760876302332573

8148 BarneyGumball the Destroyer (level 11, -2/84 HPs)
             Began as a Mummy Conjurer on Sept 29, 2023.
             Was a Priest of Ashenzari.
             Killed from afar by an efreet (24 damage)
             ... with a bolt of fire
             ... on level 11 of the Dungeon.
             The game lasted 00:46:22 (12748 turns).

BarneyGumball the Destroyer (Mummy Conjurer)       Turns: 12748, Time: 00:46:23

Health: -2/84      AC: 10    Str:  8    XL:     11   Next: 6%
Magic:  21/33      EV: 13    Int: 22    God:    Ashenzari [***...]
Gold:   367        SH:  0    Dex: 11    Spells: 18/29 levels left

rFire   . . .        p - staff of Ouranomancy (curse) {rF+ Fire, Self, Comp} (curse)
rCold   + . .        f - orb of Ashenzari's Stoicism {light, Dev, Alch} (curse)
rNeg    + + +        h - +2 leather armour {Will+}
rPois   ∞            a - +0 helmet "Behold Eternity" {Cun, Range} (curse)
rElec   +            (no cloak)
rCorr   +            (no gloves)
SInv    +            (no boots)
Will    ++...        (no amulet)
Stlth   +            c - ring of the Cursed Gnosis {rElec rPois rCorr MP+9 Str-2, Cun, Self} (curse)
HPRegen 0.34/turn    b - ring of the Shackled Firmament {AC+4, Comp, Fort} (curse)
MPRegen 0.23/turn

%: clarity, faith
@: about to teleport, glowing
A: cold resistance 1, negative energy resistance 3, torment resistance 2, heat
vulnerability 1, in touch with death 1, no potions, faith
a: Renounce Religion, Curse Item, Shatter the Chains


You were on level 11 of the Dungeon.
You worshipped Ashenzari.
Ashenzari was most pleased with you.
You visited 1 branch of the dungeon, and saw 11 of its levels.

You collected 415 gold pieces.
You spent 48 gold pieces at shops.

Inventory:

Hand Weapons
 s - a +4 short sword of electrocution
Missiles
 o - 3 curare-tipped darts
 q - 5 poisoned darts
Armour
 a - the cursed +0 helmet "Behold Eternity" (worn) {Cun, Range}
   (You found it on level 7 of the Dungeon)

   It has a curse which improves the following skills: Cunning: Dodging and
   Stealth.
   Ranged Combat: Ranged Weapons and Throwing.
 f - the cursed orb of Ashenzari's Stoicism (worn) {light, Dev, Alch}
   (You found it on level 8 of the Dungeon)

   It has a curse which improves the following skills: Devices: Evocations.
   Alchemy:   Poison Magic and Transmutations.
 h - a +2 leather armour of willpower (worn)
Magical Staves
 p - the cursed staff of Ouranomancy (weapon) {rF+ Fire, Self, Comp}
   (You found it on level 7 of the Dungeon)

   [staff of fire]

   Base accuracy: +5 Base damage: 5 Base attack delay: 1.2 This weapon's minimum
   attack delay (0.6) is reached at skill level 12.
   rF+:       It protects you from fire.
   Fire:      It increases the power of your Fire spells.
   It falls into the 'Staves' category.
   It is a one-handed weapon.
   It has a curse which improves the following skills: Introspection: Fighting
   and Spellcasting.
   Companions: Summonings and Necromancy.
Jewellery
 b - the cursed ring of the Shackled Firmament (right hand) {AC+4, Comp, Fort}
   (You found it on level 1 of the Dungeon)

   [ring of protection]

   AC+4:      It affects your AC (+4).
   It has a curse which improves the following skills: Companions: Summonings
   and Necromancy.
   Fortitude: Armour and Shields.
 c - the cursed ring of the Cursed Gnosis (left hand) {rElec rPois rCorr MP+9 Str-2, Cun, Self}
   (You acquired it on level 2 of the Dungeon)

   [ring of magical power]

   Str-2:     It affects your strength (-2).
   rElec:     It insulates you from electricity.
   rPois:     It protects you from poison MP+9: It affects your magic capacity
   (+9).
   rCorr:     It protects you from acid and corrosion.
   It has a curse which improves the following skills: Cunning: Dodging and
   Stealth.
   Introspection: Fighting and Spellcasting.
 e - a +6 ring of dexterity
Wands
 i - a wand of iceblast (2)
 r - a wand of polymorph (1)
 u - a wand of acid (4)
 w - a wand of mindburst (1)
Scrolls
 d - 2 scrolls of immolation
 g - a scroll of enchant weapon
 j - 3 scrolls of vulnerability
 k - 2 scrolls of amnesia
 l - 2 scrolls of silence
 m - 2 scrolls of noise
 n - a scroll of brand weapon
 t - 2 scrolls of revelation


   Skills:
 - Level 4.8(7.0) Fighting
 - Level 2.8(4.1) Armour
 - Level 3.4(5.4) Dodging
 - Level 1.5(3.1) Stealth
 - Level 7.4(9.7) Spellcasting
 + Level 10.3 Conjurations
 + Level 3.8 Hexes
 - Level 5.0 Translocations
 - Level 3.2 Air Magic


You had 18 spell levels left.
You knew the following spells:

 Your Spells              Type           Power      Damage    Failure   Level
a - Magic Dart            Conj           100%       1d8       1%          1
b - Searing Ray           Conj           100%       2d8       1%          2
c - Iskenderun's Mystic   Conj/Tloc      44%        2d10      3%          4
d - Fulminant Prism       Conj/Hex       20%        3d12      4%          4

Your spell library contained the following spells:

 Spells                   Type           Power      Damage    Failure   Level
 Kiss of Death            Conj/Necr      100%       2d13      1%          1
 Slow                     Hex            100%       N/A       1%          1
 Dazzling Flash           Conj/Hex       82%        N/A       1%          3
 Confusing Touch          Hex            27%        N/A       5%          3
 Sigil of Binding         Hex            27%        N/A       5%          3
 Brom's Barrelling Bould  Conj/Erth      33%        2d5       10%         4
 Summon Guardian Golem    Hex/Summ       19%        N/A       11%         3
 Passage of Golubria      Tloc           32%        N/A       11%         4
 Vampiric Draining        Necr           17%        2d7       22%         3
 Silence                  Hex/Air        13%        N/A       50%         5
 Conjure Ball Lightning   Conj/Air       20%        3x3d6     63%         6
 Orb of Destruction       Conj           27%        9d9       71%         7
 Eringya's Noxious Bog    Tmut/Pois      5%         4d6       100%        6
 Spellforged Servitor     Conj/Summ      17%        N/A       100%        7
 Discord                  Hex            13%        N/A       100%        8
 Disjunction              Tloc           16%        N/A       100%        8
 Lehudib's Crystal Spear  Conj/Erth      16%        10d5      100%        8


Dungeon Overview and Level Annotations

Branches:
Dungeon (11/15)            Temple (0/1) D:5             Orc (0/2) D:11
   Lair: D:8-11

Altars:
Ashenzari
Cheibriados
Dithmenos
Fedhas
Gozag
Kikubaaqudgha
Nemelex Xobeh
Okawaru
Trog
Wu Jian
Xom
Yredelemnul

Shops:
D:4 *   D:9 *

Portals:
Trove: D:10 (show abyssal rune of Zot)

Annotations:
D:7 Joseph
D:10 exclusion: door


Innate Abilities, Weirdness & Mutations

You are immune to poison.
Your flesh is cold resistant. (rC+)
You are immune to negative energy. (rN+++)
You are immune to unholy pain and torment.
You are vulnerable to heat. (rF-)
You are in touch with the powers of death.
You do not drink.
You have a special connection with the divine. (Faith)


Message History

Press: ? - help, Shift-Dir - straight line, f - efreet
Aim: an efreet, wielding a +1 scimitar of flaming (lightly wounded, haloed, 95% to hit)
The searing ray hits the efreet.
The efreet is moderately wounded. (Press . to maintain the ray.)
The efreet hits you with a +1 scimitar of flaming.
The efreet burns you.
The searing ray hits the efreet!
The efreet is heavily wounded.
The efreet gestures at you. The bolt of fire misses you.
The bolt of fire hits you!!
The bolt of fire hits the efreet but does no damage.
The bolt of fire hits the efreet.
The efreet completely resists.
The searing ray hits the efreet.
The efreet is heavily wounded.
The efreet gestures at you. The bolt of fire hits you!
The bolt of fire hits you!!
The bolt of fire hits the efreet.
The efreet completely resists.
The bolt of fire hits the efreet.
The efreet completely resists.
The searing ray hits the efreet.
The efreet is heavily wounded.
You finish channelling your searing ray.
The efreet hits you with a +1 scimitar of flaming.
* * * LOW HITPOINT WARNING * * *
The efreet burns you.
* * * LOW HITPOINT WARNING * * *
Okay, then.
Casting: Searing Ray (safe; 1% risk of failure)
Confirm with . or Enter, or press ? or * to list all spells.
Okay, then.
As you read the scroll of teleportation, it crumbles to dust.
You feel strangely unstable. The efreet closely misses you.
Casting: Searing Ray (safe; 1% risk of failure)
Confirm with . or Enter, or press ? or * to list all spells.
You erupt in a blast of force!
The mystic blast hits the efreet but does no damage.
The efreet is heavily wounded.
The efreet gestures at you. The bolt of fire hits you!!
You die...

...## .. ....# ..# ##
#....# ...###.##.V..#
.............#
#..^.......)#
####.......####### ##@R#
#...###..##..
#.##.##...##.##.#..
#.##∆##...##)##.#..
.######.###.....###.###.
........................
.............#.........#
...........#####.......#
############ #########


You could see an efreet.

Vanquished Creatures
  A komodo dragon (D:10)
  2 kobold demonologists (D:9)
  2 trolls
  Sigmund (D:2)
  A vampire (D:11)
  A shadow (D:11)
  A wyvern (D:9)
  15 yaks
  Eustachio (D:6)
  A steam dragon (D:9)
  An acid dragon (D:11)
  A water moccasin (D:6)
  A meliai simulacrum (D:11)
  5 orc warriors
  A sky beast (D:8)
  2 black bears
  An ogre (D:5)
  5 centaurs
  3 kobold brigands (D:9)
  2 phantoms (D:7)
  3 scorpions
  A gnoll sergeant (D:10)
  10 killer bees
  6 howler monkeys
  An electric eel (D:7)
  A quasit (D:7)
  6 orc priests
  2 hounds
  A jelly (D:7)
  2 gnoll boudas
  2 iguanas
  11 orc wizards
  A sleepcap (D:4)
  A mummy (D:7)
  21 gnolls
  4 adders
  3 shadow imps
  3 white imps
  6 ufetubi
  3 worms
  2 dart slugs
  22 orcs
  6 ball pythons
  5 endoplasms
  4 giant cockroaches
  3 goblins
  6 hobgoblins
  7 quokkas
  6 bats
  A frilled lizard (D:2)
  13 kobolds
  8 rats
219 creatures vanquished.

Vanquished Creatures (others)
  2 fulminant prisms (D:9)
2 creatures vanquished.

Grand Total: 221 creatures vanquished

Notes
Turn   | Place    | Note
-------+----------+-------------------------------------------
     0 | D:1      | BarneyGumball the Mummy Conjurer began the quest for the
                  | Orb.
     0 | D:1      | Reached XP level 1. HP: 13/13 MP: 4/4
   425 | D:1      | Reached XP level 2. HP: 19/19 MP: 3/5
   573 | D:1      | Reached skill level 1 in Translocations
   595 | D:1      | Learned a level 2 spell: Searing Ray
  1329 | D:2      | Noticed Sigmund
  1331 | D:2      | Reached XP level 3. HP: 24/24 MP: 2/7
  1911 | D:2      | Identified a scroll of acquirement
  1957 | D:2      | Acquired the ring of Midnight {rElec rPois rCorr MP+9
                  | Str-2}
  2132 | D:2      | Reached skill level 4 in Conjurations
  2132 | D:2      | Reached XP level 4. HP: 25/30 MP: 5/8
  2629 | D:3      | Reached XP level 5. HP: 35/35 MP: 9/9
  2834 | D:3      | Found a shimmering altar of Xom.
  3115 | D:2      | Found an iron altar of Okawaru.
  3149 | D:2      | Killed Sigmund
  3150 | D:2      | Reached skill level 5 in Conjurations
  3150 | D:2      | Reached XP level 6. HP: 40/41 MP: 10/10
  3751 | D:4      | Got a resplendent book
  4234 | D:4      | Found Maenuat's Assorted Antiques.
  4298 | D:4      | Reached XP level 7. HP: 41/46 MP: 6/11
  4386 | D:4      | Bought a scroll of identify for 48 gold pieces
  4450 | D:5      | Entered Level 5 of the Dungeon
  4810 | D:5      | Found a broken altar of Ashenzari.
  4815 | D:5      | Became a worshipper of Ashenzari the Shackled
  5032 | D:5      | Learned a level 4 spell: Iskenderun's Mystic Blast
  5035 | D:5      | Found a basalt altar of Yredelemnul.
  5080 | D:5      | Found an ornate altar of the Wu Jian Council.
  5144 | D:5      | Reached skill level 6 in Conjurations
  5307 | D:5      | Found a staircase to the Ecumenical Temple.
  5481 | D:5      | You fall into a shaft and drop 1 floor!
  5515 | D:6      | Found a snail-covered altar of Cheibriados.
  5824 | D:6      | Found a blossoming altar of Fedhas.
  5861 | D:6      | Noticed Eustachio
  5894 | D:6      | Killed Eustachio
  5895 | D:6      | Reached skill level 5 in Translocations
  6137 | D:6      | Reached XP level 8. HP: 42/52 MP: 12/12
  6195 | D:6      | Reached * piety under Ashenzari
  6196 | D:6      | Found an ancient bone altar of Kikubaaqudgha.
  6278 | D:6      | Reached skill level 7 in Conjurations
  6890 | D:7      | Reached ** piety under Ashenzari
  7142 | D:7      | Reached skill level 8 in Conjurations
  7356 | D:7      | Noticed Joseph
  7618 | D:7      | Found an iron altar of Okawaru.
  8223 | D:8      | Reached XP level 9. HP: 51/57 MP: 11/16
  8482 | D:8      | Reached skill level 5 in Spellcasting
  8482 | D:8      | Reached skill level 9 in Conjurations
  8682 | D:8      | Found a sparkling altar of Nemelex Xobeh.
  9229 | D:7      | Found an opulent altar of Gozag.
  9310 | D:8      | Noticed a two-headed ogre
  9312 | D:8      | Reached skill level 1 in Fighting
  9346 | D:7      | HP: 2/60 [Joseph/sling bullet (9)]
  9547 | D:8      | Reached skill level 1 in Air Magic
  9660 | D:9      | Found a shadowy altar of Dithmenos.
  9673 | D:9      | Noticed a troll
  9680 | D:9      | Killed a troll
  9727 | D:9      | Noticed a kobold demonologist
  9728 | D:9      | Noticed a kobold demonologist
  9736 | D:9      | Killed a kobold demonologist
  9739 | D:9      | Killed a kobold demonologist
  9740 | D:9      | Reached XP level 10. HP: 70/70 MP: 13/22
  9869 | D:9      | Learned a level 4 spell: Fulminant Prism
  9897 | D:9      | Found Kuunun's Assorted Antiques.
 10139 | D:9      | Reached skill level 1 in Hexes
 10674 | D:9      | Reached skill level 1 in Armour
 10887 | D:10     | Entered Level 10 of the Dungeon
 10895 | D:10     | Found a portal to a secret trove of treasure.
 11460 | D:10     | Reached skill level 10 in Conjurations
 11604 | D:10     | Found a bloodstained altar of Trog.
 11643 | D:10     | Reached *** piety under Ashenzari
 12275 | D:11     | Found a staircase to the Orcish Mines.
 12316 | D:11     | Reached XP level 11. HP: 79/83 MP: 24/24
 12748 | D:11     | Killed from afar by an efreet

Illustrated notes

Levels and vault maps discovered:
D:1:      dpeg_arrival_houses_and_road, layout_basic, minmay_misc_feat_alley
D:2:      layout_loops_ring, basic_altar, uniq_sigmund
D:3:      layout_loops_corners, mainiacjoe_overflow_alcove_2
D:4:      layout_gridville, serial_shops, shop
D:5:      layout_gridville, nzn_wu_jian_council_hall, kennysheep_ying_yang,
          lemuel_doored_altar, temple_green
D:6:      layout_gridville, mainiacjoe_overflow_concentric_impassable,
          slow_altar_1, mainiacjoe_overflow_small_starburst, uniq_eustachio
D:7:      layout_basic, mainiacjoe_overflow_chevrons,
          makhleb_blood_cavern_becter, mainiacjoe_overflow_alcove_1,
          serial_demonic, serial_demonic_b, serial_demonic_f, serial_demonic_f,
          serial_demonic_f, gup_ossuary_entry_pyramid,
          nicolae_houndstooth_variations, uniq_joseph
D:8:      layout_gridville, mainiacjoe_overflow_six_doors_small
D:9:      layout_roguey, mainiacjoe_overflow_brackets, serial_shops,
          nicolae_shop_overgrown_old_shop
D:10:     layout_irregular_city, amcnicky_altar_gilded,
          nicolae_trove_entry_isolated, eino_small_chamber_without_monster,
          minmay_misc_feat_room, minivault_13
D:11:     minmay_wavy_crystal, layout_basic, lair_entry_dummy, serial_curves,
          eino_curves_02, eino_curves_04

Skill      XL: |  1  2  3  4  5  6  7  8  9 10 |
---------------+-------------------------------+-----
Translocations | 1 2 3 4 5 |  5.0
Conjurations   | 4 5 6 8 9 10 | 10.3
Spellcasting   | 4 7 |  7.4
Fighting       | 2 4 |  4.8
Dodging        | 2 3 |  3.4
Air Magic      | 2 3 |  3.2
Hexes          | 3 |  3.8
Armour         | 2 |  2.8
Stealth        | |  1.5

Action                     |  1- 3 |  4- 6 |  7- 9 | 10-12 || total
---------------------------+-------+-------+-------+-------++-------
  Melee: Dagger            |     8 |     3 |     8 |       ||    19
         Staff             |       |       |     4 |     3 ||     7
  Throw: Dart              |       |       |     1 |       ||     1
   Cast: Magic Dart        |    59 |    43 |    70 |    35 ||   207
         Searing Ray       |     7 |    17 |    69 |    37 ||   130
         Iskenderun's Myst |       |       |    15 |    20 ||    35
         Fulminant Prism   |       |       |       |     2 ||     2
 Invoke: Curse Item        |       |       |     3 |     3 ||     6
         Shatter the Chain |       |       |     1 |       ||     1
  Evoke: Wand              |       |       |     2 |       ||     2
    Use: Scroll            |     4 |     4 |     7 |     1 ||    16
   Stab: Sleeping          |     1 |       |       |       ||     1
 Armour: Robe              |    15 |       |       |       ||    15
         Leather armour    |       |     7 |   130 |    55 ||   192
  Dodge: Dodged            |    16 |     9 |    91 |    28 ||   144

Table legend: (Time is in decaauts)
 A = Elapsed time spent in this place.
 B = Non-inter-level travel time spent in this place.
 C = Inter-level travel time spent in this place.
 D = Time resting spent in this place.
 E = Time spent auto-exploring this place.
 F = Levels seen in this place.
 G = Mean time per level.
                   A        B        C        D        E       F      G
               +--------+--------+--------+--------+--------+-----+--------+
         Total |  12743 |  12298 |    445 |   1890 |   8421 |  11 | 1158.5 |
       Dungeon |  12743 |  12298 |    445 |   1890 |   8421 |  11 | 1158.5 |
               +--------+--------+--------+--------+--------+-----+--------+

Top non-repeatable levels by time:
     D:7: 1382 daAuts
     D:8: 1346 daAuts
    D:10: 1333 daAuts
     D:1: 1318 daAuts
     D:6: 1299 daAuts
     D:9: 1235 daAuts
     D:5: 1172 daAuts
     D:2: 1161 daAuts
     D:4: 993 daAuts
     D:3: 973 daAuts
    D:11: 526 daAuts
